 Dungeon Crawl Stone Soup version 0.25.1-2-g60ff931df9 (webtiles) character file.

Game seed: 7835373460050650504

84876 DearestLeader the Executioner (level 15, -37/134 HPs)
             Began as a Hill Orc Monk on Nov 15, 2020.
             Was the Champion of Beogh.
             Annihilated by a golden dragon simulacrum (50 damage)
             ... in an ice cave on Nov 16, 2020.
             The game lasted 01:06:58 (28246 turns).

DearestLeader the Executioner (Hill Orc Monk)      Turns: 28246, Time: 01:06:58

Health: -37/134    AC: 26    Str: 25    XL:     15   Next: 81%
Magic:  31/31      EV: 13    Int: 10    God:    Beogh [******]
Gold:   1933       SH:  0    Dex: 13    Spells: 14/14 levels left

rFire    . . .     SeeInvis .   w - +5 battleaxe (vorpal)
rCold    . . .     Gourm    .   (shield currently unavailable)
rNeg     + + .     Faith    +   J - +2 chain mail {rPois}
rPois    +         Spirit   .   g - +2 hat
rElec    .         Reflect  .   F - +2 cloak
rCorr    .         Harm     .   y - +0 pair of gloves
MR       ++...                  H - +2 pair of boots {Stlth+}
Stlth    ..........             d - amulet of faith
HPRegen  0.32/turn              v - ring of the Mutiny {rN++ MP+9 Str+4}
MPRegen  0.22/turn              m - ring of protection from magic

@: studying 2 skills
A: walk on water
a: Smiting, Recall Orcish Followers, Give Item to Named Follower, Resurrection,
Renounce Religion


You were in an ice cave.
You worshipped Beogh.
Beogh was exalted by your worship.
You were not hungry.

You visited 3 branches of the dungeon, and saw 22 of its levels.
You also visited: Bailey, Ice Cave and Volcano.

You collected 2148 gold pieces.
You spent 215 gold pieces at shops.

Inventory:

Hand Weapons
 w - a +5 vorpal battleaxe (weapon)
 z - the +8 hand axe "Gualudug" {freeze, *Noise +Fly rN+}
   (You found it on level 4 of the Dungeon)

   It has been specially enchanted to freeze those struck by it, causing extra
   injury to most foes and up to half again as much damage against particularly
   susceptible opponents.
   It can also slow down cold-blooded creatures.
   It protects you from negative energy.
   It lets you fly.
   It may make noises in combat.
Missiles
 f - 7 silver javelins (quivered)
Armour
 g - a +2 hat (worn)
 y - a +0 pair of gloves (worn)
 F - a +2 cloak (worn)
 H - a +2 pair of boots of stealth (worn)
 J - a +2 chain mail of poison resistance (worn)
Jewellery
 d - an amulet of faith (around neck)
 m - a ring of protection from magic (right hand)
 v - the ring of the Mutiny (left hand) {rN++ MP+9 Str+4}
   (You acquired it on level 8 of the Dungeon)

   [ring of magical power]

   It affects your strength (+4).
   It greatly protects you from negative energy.
   It affects your magic capacity (+9).
 x - an uncursed ring of ice
 A - a +4 ring of evasion
 P - an uncursed ring of poison resistance
Wands
 b - a wand of flame (20)
 o - a wand of enslavement (11)
 q - a wand of disintegration (65)
 s - a wand of paralysis (5)
 O - a wand of polymorph (10)
 Q - a wand of iceblast (34)
 S - a wand of acid (17)
 V - a wand of clouds (5)
 Y - a wand of digging (3)
Scrolls
 a - a scroll of magic mapping
 i - 11 scrolls of teleportation
 k - 12 scrolls of remove curse
 r - 3 scrolls of amnesia
 B - 2 scrolls of enchant armour
 K - 3 scrolls of blinking
 L - 3 scrolls of enchant weapon
 M - 2 scrolls of summoning
 T - a scroll of fear
Potions
 e - 7 potions of brilliance
 h - 5 potions of heal wounds
 j - 6 potions of mutation
 l - 2 potions of magic
 n - a potion of cancellation
 p - 7 potions of curing
 t - 3 potions of might
 u - 5 potions of flight
 D - 6 potions of ambrosia
 E - 3 potions of invisibility
 I - a potion of stabbing
 N - a potion of berserk rage {unknown}
 R - 3 potions of haste
 W - a potion of experience {unknown}
Books
 U - a manual of Evocations
 Z - a manual of Armour
Miscellaneous
 X - a tin of tremorstones (3/3)
Comestibles
 c - 33 rations


   Skills:
 + Level 12.4 Fighting
 * Level 21.7 Axes
 + Level 15.0 Armour
 + Level 7.7 Dodging
 - Level 1.5 Stealth
 - Level 10.0 Invocations
 + Level 9.5 Evocations


You had 14 spell levels left.
You didn't know any spells.
Your spell library contained the following spells:

 Spells                   Type           Power        Failure   Level  Hunger
 Apportation              Tloc           #.....       83%         1    ##.....
 Corona                   Hex            #......      83%         1    ##.....
 Foxfire                  Conj/Fire      #...         83%         1    ##.....
 Magic Dart               Conj           #...         83%         1    ##.....
 Summon Butterflies       Summ           #.......     83%         1    ##.....
 Blink                    Tloc           N/A          92%         2    ###....
 Call Imp                 Summ           #.......     92%         2    ###....
 Ensorcelled Hibernation  Hex/Ice        #.....       92%         2    ###....
 Poisonous Vapours        Pois/Air       #.....       92%         2    ###....
 Slow                     Hex            #.......     92%         2    ###....
 Confusing Touch          Hex            #.......     99%         3    ####...
 Conjure Flame            Conj/Fire      #.......     99%         3    ####...
 Dazzling Flash           Conj/Hex       #.....       99%         3    ####...
 Inner Flame              Hex/Fire       #.......     99%         3    ####...
 Lesser Beckoning         Tloc           #.........   99%         3    ####...
 Mephitic Cloud           Conj/Pois/Air  #.......     99%         3    ####...
 Tukima's Dance           Hex            #.......     99%         3    ####...
 Sticky Flame             Conj/Fire      #.......     100%        4    #####..
 Alistair's Intoxication  Tmut/Pois      #.......     100%        5    ######.
 Fireball                 Conj/Fire      #.........   100%        5    ######.
 Freezing Cloud           Conj/Ice/Air   #.........   100%        6    #######
 Invisibility             Hex            #.......     100%        6    #######
 Ring of Flames           Chrm/Fire      #.........   100%        7    #######


Dungeon Overview and Level Annotations

Branches:
Dungeon (15/15)            Temple (0/1) D:6            Lair (6/6) D:8
  Swamp (0/4) Lair:3        Snake (1/4) Lair:3        Slime (0/5) Lair:6
    Orc (0/2) D:10         Vaults (0/5) D:13         Depths (0/5) D:15
 Bailey (visited)           IceCv (1/1)             Volcano (visited)

Altars:
Ashenzari
Dithmenos
Elyvilon
Fedhas
Hepliaklqana
Nemelex Xobeh
Ru
Trog
Uskayaw
Vehumet
Wu Jian
Xom

Shops:
D:4 !   D:8 !=!%

Annotations:
D:6 1 transporter
D:9 3 runed translucent doors, exclusion: statue, denis1488's ghost, novice HuFi
Lair:3 2 runed translucent doors, Oluanan's ghost, journeyman DsFi


Message History

You slice the one-headed hydra simulacrum!!
The one-headed hydra simulacrum vapourises!
Beogh accepts your kill.
You chop one of the four-headed hydra simulacrum's heads off!
You cut the three-headed hydra simulacrum into ribbons!!!
The three-headed hydra simulacrum vapourises!
Beogh accepts your kill.
You slash the golden dragon simulacrum!
The golden dragon simulacrum is moderately damaged.
You completely miss the golden dragon simulacrum.
The golden dragon simulacrum is moderately damaged.
The golden dragon simulacrum bites you!!
The golden dragon simulacrum freezes you!!!
* * * LOW HITPOINT WARNING * * *
The golden dragon simulacrum barely misses you.
The golden dragon simulacrum tramples you but does no damage.
You feel much better. The golden dragon simulacrum bites you!
* * * LOW HITPOINT WARNING * * *
The golden dragon simulacrum freezes you!!!
You die...

.##≈≈# .##≈≈
#.##≈≈ ###
#..##≈##.##
...##≈#..#
#..##...##
#...#.#..#
#.Z#.##.##
###
#..@###..#
##.## ###
##..####.#
#...# #.#
####?##.#
#...# #.#
#...# ##.#.##
#.## ##.##
#..#..## #..#
####..#
#.###..# #.##
##.#..##
##.###.##
#.## ##.....#
#..##..#
##.###.#...##
#.###.##


You could see a golden dragon simulacrum.

Vanquished Creatures
  Rupert (D:13)
  Frances (D:14)
  Kirke (Lair:5)
  3 dire elephants (Lair:6)
  Josephine (D:14)
  Harold (D:9)
  6 hydras
  An ice dragon (D:15)
  2 centaur warriors
  7 two-headed ogres
  A tengu warrior (D:13)
  2 skeletal warriors (Volcano)
  4 unseen horrors
  A phantasmal warrior (D:15)
  An anaconda skeleton (Volcano)
  A wolf spider zombie (D:15)
  3 cyclopes
  8 ugly things
  4 manticores
  2 elephants (Lair:6)
  A naga mage (Snake:1)
  5 black mambas
  2 centaur zombies (D:15)
  8 gargoyles
  5 spiny frogs
  2 centaur skeletons
  4 komodo dragons
  An efreet (D:13)
  3 freezing wraiths
  An ice devil (IceCv)
  A tengu conjurer (D:15)
  An anaconda simulacrum (IceCv)
  A hornet (D:7)
  2 trolls
  2 dream sheep (D:12)
  2 polar bears (Lair:6)
  5 slime creatures
  6 hippogriffs
  3 alligator skeletons (Volcano)
  A dire elephant simulacrum (IceCv)
  2 flying skulls (Volcano)
  5 hogs (Lair:5)
  5 wyverns
  11 humans (D:13)
  5 wraiths
  10 yaks
  3 basilisks
  A steam dragon (D:8)
  4 nagas
  A swamp worm (Lair:3)
  A harpy simulacrum (IceCv)
  4 water moccasins
  2 hydra simulacra (IceCv)
  6 orc warriors
  7 porcupines
  2 ice beasts
  2 black bears
  2 eyes of draining
  4 phantoms
  5 ogres
  A sky beast (D:5)
  10 centaurs
  16 wolves
  2 crocodiles
  4 big kobolds
  16 bullfrogs
  7 scorpions
  2 spriggan skeletons (Volcano)
  11 wights
  A howler monkey (D:5)
  3 troll skeletons (Volcano)
  An electric eel (Lair:5)
  A bullfrog zombie (D:11)
  8 crimson imps
  2 quasits (D:9)
  16 jellies
  3 draconian simulacra (IceCv)
  3 gnoll shamans (D:5)
  5 orc priests
  5 hounds
  3 orc wizards
  2 bullfrog skeletons
  Terence (D:1)
  3 iguanas (D:5)
  3 hell rats (Lair:6)
  2 polar bear simulacra (IceCv)
  7 worker ants
  A wolf simulacrum (IceCv)
  2 killer bee zombies
  2 centaur simulacra (IceCv)
  2 naga skeletons (Volcano)
  A hound zombie (D:6)
  2 hound skeletons (D:7)
  14 adders
  39 gnolls
  5 shadow imps
  4 white imps
  5 ufetubi (IceCv)
  2 oozes
  An adder skeleton (D:6)
  4 worms
  2 dart slugs (D:1)
  5 leopard geckos
  21 orcs
  6 giant cockroaches
  9 hobgoblins
  24 jackals
  9 kobolds
  7 quokkas
  3 ball pythons
  15 bats
  7 frilled lizards
  12 goblins
  A jackal zombie (D:7)
  A quokka zombie (D:3)
  7 rats
  2 fungi
  8 plants
550 creatures vanquished.

Vanquished Creatures (collateral kills)
  Nessos (Lair:6)
  3 dire elephants (Lair:6)
  2 fire dragons
  An ogre mage (D:15)
  A rakshasa (D:15)
  6 hydras
  A death knight (D:15)
  An anaconda (Lair:6)
  A centaur warrior (D:14)
  3 two-headed ogres (D:15)
  A tengu warrior (D:13)
  Sonja (Lair:3)
  2 unseen horrors
  A phantasmal warrior (D:15)
  A naga ritualist (Snake:1)
  An orc knight (D:15)
  A wolf spider zombie (D:13)
  7 ugly things
  A deep elf mage (D:13)
  A mana viper (Snake:1)
  A faun (Lair:6)
  4 black mambas
  An ice statue (D:14)
  A naga mage (Snake:1)
  2 elephants (Lair:6)
  2 centaur skeletons
  8 spiny frogs
  2 komodo dragons
  A tengu conjurer (D:15)
  A freezing wraith (D:15)
  3 trolls
  7 slime creatures
  6 hippogriffs
  A wraith (D:14)
  A shadow (D:15)
  18 yaks
  2 wyverns
  2 basilisks
  2 wargs (D:15)
  6 water moccasins
  2 nagas
  A swamp worm (Lair:3)
  A porcupine (Lair:1)
  3 orc warriors
  A sky beast (D:15)
  2 eyes of draining
  2 hornet zombies
  2 phantoms
  A black bear (D:13)
  A necrophage (D:8)
  An ogre (D:15)
  7 centaurs
  5 crocodiles
  12 wolves
  6 bullfrogs
  A wyvern zombie (D:15)
  A wyvern skeleton (D:11)
  4 wights
  8 crimson imps
  3 hounds
  2 jellies
  An orc priest (D:11)
  A bullfrog skeleton (D:12)
  3 hell rats (Lair:6)
  2 orc wizards
  2 worker ants (D:13)
  A white imp (D:13)
  An ooze (Lair:6)
  7 orcs
  2 goblins (D:11)
  A quokka (D:12)
  A kobold (D:11)
  3 bushes
  11 fungi
  17 plants
227 creatures vanquished.

Vanquished Creatures (others)
  3 orc knights
  2 orc sorcerers (Lair:3)
  A komodo dragon (D:15)
  A flying skull (Volcano)
  A human (D:13)
  9 orc warriors
  4 orc priests
  2 orc wizards
  24 orcs
  A fungus (Lair:6)
  2 plants
50 creatures vanquished.

Grand Total: 827 creatures vanquished

Notes
Turn   | Place    | Note
-------+----------+-------------------------------------------
     0 | D:1      | DearestLeader the Hill Orc Monk began the quest for the
                  | Orb.
     0 | D:1      | Reached XP level 1. HP: 19/19 MP: 1/1
    85 | D:1      | Reached XP level 2. HP: 26/26 MP: 2/2
   297 | D:1      | Reached skill level 5 in Axes
   600 | D:1      | Reached XP level 3. HP: 31/31 MP: 3/3
  1231 | D:2      | Reached skill level 6 in Axes
  1389 | D:2      | Reached XP level 4. HP: 15/39 MP: 4/4
  1719 | D:2      | Noticed a +0 dagger
  1719 | D:2      | Noticed a +0 dagger
  1720 | D:2      | Found a hide-covered altar of Uskayaw.
  1744 | D:2      | Noticed Terence
  2035 | D:2      | Reached skill level 1 in Armour
  2159 | D:2      | Found a white marble altar of Elyvilon.
  2756 | D:3      | Reached XP level 5. HP: 32/45 MP: 5/5
  2770 | D:3      | Reached skill level 7 in Axes
  3176 | D:3      | Found an ornate altar of the Wu Jian Council.
  3304 | D:3      | Paralysed by an orc for 7 turns
  3506 | D:3      | Found a hazy altar of Hepliaklqana.
  3511 | D:3      | Found a shadowy altar of Dithmenos.
  3511 | D:3      | Noticed a shadow
  3713 | D:4      | Found Bianwad's Distillery.
  3720 | D:4      | Bought a potion of curing for 33 gold pieces
  3912 | D:4      | Reached XP level 6. HP: 41/51 MP: 6/6
  3983 | D:4      | Got a translucent hand axe
  3983 | D:4      | Identified the +8 hand axe "Gualudug" {freeze, *Noise +Fly
                  | rN+} (You found it on level 4 of the Dungeon)
  4176 | D:4      | Reached skill level 8 in Axes
  4346 | D:5      | Entered Level 5 of the Dungeon
  4867 | D:5      | Reached XP level 7. HP: 57/57 MP: 7/7
  4876 | D:5      | Reached skill level 9 in Axes
  5162 | D:5      | Reached skill level 10 in Axes
  5495 | D:5      | Reached XP level 8. HP: 65/66 MP: 8/8
  5660 | D:5      | Reached skill level 5 in Armour
  6088 | D:5      | Found a shimmering altar of Xom.
  6300 | D:5      | Found a blossoming altar of Fedhas.
  6355 | D:5      | Reached skill level 11 in Axes
  6423 | D:1      | Killed Terence
  6700 | D:6      | Reached skill level 5 in Fighting
  6968 | D:6      | Found a staircase to the Ecumenical Temple.
  7096 | D:6      | Reached XP level 9. HP: 74/74 MP: 9/9
  7113 | D:6      | Reached skill level 12 in Axes
  7317 | D:6      | Found a sacrificial altar of Ru.
  7471 | D:6      | Found a sparkling altar of Nemelex Xobeh.
  7471 | D:6      | Found a transporter.
  7952 | D:7      | Became a worshipper of Beogh the Brigand
  7952 | D:7      | Reached * piety under Beogh
  7952 | D:7      | Reached ** piety under Beogh
  8282 | D:7      | Found a bloodstained altar of Trog.
  8316 | D:7      | Noticed a hornet
  8321 | D:7      | Killed a hornet
  8611 | D:8      | Found Baajeud's Food Shoppe.
  8690 | D:8      | Reached skill level 13 in Axes
  8780 | D:8      | Reached skill level 1 in Invocations
  8781 | D:8      | Noticed a cyclops
  8794 | D:8      | Found Hoal's Distillery.
  8965 | D:8      | Killed a cyclops
  8965 | D:8      | Reached XP level 10. HP: 55/86 MP: 9/12
  9124 | D:8      | Identified a scroll of acquirement
  9126 | D:8      | Acquired the ring of the Mutiny {rN++ MP+9 Str+4}
  9223 | D:8      | Noticed a fire dragon
  9699 | D:9      | Reached *** piety under Beogh
  9807 | D:9      | Noticed Harold
  9829 | D:9      | Killed Harold
  9829 | D:9      | Reached skill level 14 in Axes
  9836 | D:9      | Noticed a two-headed ogre
  9843 | D:9      | Killed a two-headed ogre
  9843 | D:9      | Reached skill level 5 in Invocations
 10102 | D:9      | Found a radiant altar of Vehumet.
 10123 | D:9      | Found a runed translucent gate.
 10123 | D:9      | Found a runed translucent gate.
 10124 | D:9      | Found a runed translucent gate.
 10131 | D:9      | Noticed denis1488's ghost (novice HuFi)
 10199 | D:9      | Found a shattered altar of Ashenzari.
 10589 | D:10     | Entered Level 10 of the Dungeon
 10670 | D:10     | Reached XP level 11. HP: 94/95 MP: 15/15
 10919 | D:10     | Reached skill level 15 in Axes
 11551 | D:10     | Found a staircase to the Orcish Mines.
 11571 | D:10     | Killed an unseen horror
 12025 | D:11     | Reached **** piety under Beogh
 12270 | D:11     | Gained Berold as an ally
 12285 | D:11     | Found a blossoming altar of Fedhas.
 12420 | D:11     | Noticed a two-headed ogre
 12421 | D:11     | Noticed a manticore
 12433 | D:11     | Killed a two-headed ogre
 12438 | D:11     | Killed a manticore
 12460 | D:11     | Found a flagged portal.
 12469 | Bailey   | Entered a bailey
 12872 | Bailey   | Reached ***** piety under Beogh
 12979 | Bailey   | Got a steaming scimitar
 13072 | D:11     | Killed an unseen horror
 13072 | D:11     | Reached skill level 16 in Axes
 13267 | D:11     | Noticed a manticore
 13275 | D:11     | Killed a manticore
 13640 | D:11     | Gained Bolgrim as an ally
 13688 | D:11     | Noticed a cyclops
 13708 | D:11     | Killed a cyclops
 14049 | D:11     | Identified the +4 scimitar of the Jolly Ships {vorpal,
                  | rPois Str+4 Int+4} (You found it in a bailey)
 14105 | D:11     | Reached skill level 10 in Fighting
 14269 | D:8      | Your ally Bolgrim died
 14271 | D:8      | Killed a fire dragon
 14271 | D:8      | Reached XP level 12. HP: 52/106 MP: 18/18
 14521 | D:8      | Found a staircase to the Lair.
 14593 | D:8      | Found Xasos's Jewellery Shoppe.
 14721 | D:8      | Found Pepih's Distillery.
 14724 | D:8      | Bought a potion of invisibility for 112 gold pieces
 14724 | D:8      | Bought a potion of heal wounds for 70 gold pieces
 14771 | Lair:1   | Entered Level 1 of the Lair of Beasts
 14778 | Lair:1   | Got a crystal whip
 14975 | Lair:1   | Reached skill level 10 in Armour
 15174 | Lair:1   | Noticed a six-headed hydra
 15176 | Lair:1   | Identified the cursed +1 whip of the Apocalypse {vorpal,
                  | +Blink rN++} (You found it on level 1 of the Lair of
                  | Beasts)
 15187 | Lair:1   | Killed a six-headed hydra
 15965 | Lair:2   | Gained Orgrim as an ally
 15977 | Lair:2   | Reached skill level 17 in Axes
 16521 | Lair:2   | Noticed a seven-headed hydra
 16533 | Lair:2   | Killed a 13-headed hydra
 16865 | Lair:3   | Noticed Sonja
 16867 | Lair:3   | Killed Sonja
 16871 | Lair:3   | Found a staircase to the Snake Pit.
 16873 | Lair:3   | Gained Bogfrid as an ally
 16889 | Lair:3   | Noticed a seven-headed hydra
 16897 | Lair:3   | Killed a ten-headed hydra
 17034 | Lair:3   | Noticed an eight-headed hydra
 17042 | Lair:3   | Killed an 11-headed hydra
 17240 | Lair:3   | Noticed an eight-headed hydra
 17245 | Lair:3   | Killed a nine-headed hydra
 17245 | Lair:3   | Reached skill level 10 in Invocations
 17292 | Lair:3   | Noticed an eight-headed hydra
 17295 | Lair:3   | Your ally Bogfrid died
 17298 | Lair:3   | Killed an 11-headed hydra
 17298 | Lair:3   | Reached skill level 18 in Axes
 17298 | Lair:3   | Reached XP level 13. HP: 77/116 MP: 20/20
 17496 | Lair:3   | Found a staircase to the Swamp.
 17620 | Lair:3   | Found a large runed translucent door.
 17620 | Lair:3   | Found a large runed translucent door.
 17621 | Lair:3   | Noticed Oluanan's ghost (journeyman DsFi)
 17657 | Lair:3   | Your ally Berold died
 18615 | Lair:4   | Found a dark tunnel.
 18623 | Volcano  | Entered a volcano
 19729 | Lair:5   | Reached skill level 19 in Axes
 19832 | Lair:5   | Reached ****** piety under Beogh
 20026 | Lair:5   | Noticed Kirke
 20042 | Lair:5   | Killed Kirke
 20042 | Lair:5   | Reached skill level 5 in Dodging
 20126 | Lair:5   | Acquired a manual of Armour
 20659 | Lair:6   | Entered Level 6 of the Lair of Beasts
 20668 | Lair:6   | Reached skill level 1 in Evocations
 20672 | Lair:6   | Gained Gorbash as an ally
 20676 | Lair:6   | Gained Bogwik as an ally
 20684 | Lair:6   | Gained Borgk as an ally
 21021 | Lair:6   | Found a staircase to the Slime Pits.
 21285 | Lair:6   | Reached XP level 14. HP: 114/124 MP: 21/21
 21735 | Lair:6   | Noticed Nessos
 21744 | Lair:6   | Killed Nessos
 21746 | Lair:6   | Killed a dire elephant
 21755 | Lair:6   | Noticed a dire elephant
 21755 | Lair:6   | Noticed a dire elephant
 21763 | Lair:6   | Killed a dire elephant
 21765 | Lair:6   | Killed a dire elephant
 21765 | Lair:6   | Reached skill level 20 in Axes
 21850 | Lair:6   | Noticed a dire elephant
 21858 | Lair:6   | Killed a dire elephant
 22049 | Lair:6   | Noticed a dire elephant
 22056 | Lair:6   | Killed a dire elephant
 22056 | Lair:6   | Reached skill level 5 in Evocations
 22267 | Lair:6   | Noticed a dire elephant
 22274 | Lair:6   | Killed a dire elephant
 24223 | D:13     | Noticed Rupert
 24235 | D:13     | Killed Rupert
 24673 | D:13     | You fall into a shaft and drop 1 floor!
 24854 | D:13     | Found a gate to the Vaults.
 25239 | D:14     | Noticed Frances
 25658 | D:14     | Killed Frances
 25658 | D:14     | Reached XP level 15. HP: 130/130 MP: 22/22
 25704 | D:14     | Noticed Josephine
 25713 | D:14     | Killed Josephine
 25713 | D:14     | Reached skill level 21 in Axes
 26384 | D:15     | Entered Level 15 of the Dungeon
 26488 | D:15     | Gained Bladwarg as an ally
 26682 | D:15     | Gained Olfrun as an ally
 26778 | D:15     | Gained Dorog as an ally
 27468 | D:15     | Found a staircase to the Depths.
 27800 | Snake:1  | Entered Level 1 of the Snake Pit
 27974 | Snake:1  | Found a frozen archway.
 27988 | IceCv    | Entered an ice cave
 28133 | IceCv    | Reached skill level 15 in Armour
 28246 | IceCv    | Annihilated by a golden dragon simulacrum

Illustrated notes

Levels and vault maps discovered:
D:1:      erik_arrival_blinker_ship, layout_basic
D:2:      layout_rooms, lemuel_doored_altar, gammafunk_temple_overflow_pools,
          dancing_weapons_uskayaw, first_ration, wad_floor_pattern_untrapped,
          uniq_terence
D:3:      layout_basic, riverfiend_overflow_shadow_ancestor, marbit_many_paths,
          kennysheep_generic_room_7
D:4:      layout_cave_pools, serial_column_ruins, column_ruins_hut_ruined,
          column_ruins_open_tiny, column_ruins_open_small,
          column_ruins_open_small_water, column_ruins_columns_water,
          column_ruins_columns_dead_end, serial_shops, shop
D:5:      lemuel_castle_with_subvaults [lemuel_castle_interior_carwin_2],
          layout_basic, kennysheep_little_box, tgw_xom
D:6:      layout_basic, nicolae_ru_awakened_eye, minmay_temple_entry_fiery,
          grunt_nemelex_the_gamble
D:7:      layout_basic, kennysheep_mini, st_stairs_2
D:8:      layout_cave_pools, minmay_lair_entry_lava, serial_shops, shop, shop,
          nicolae_shop_behind_doors, shop
D:9:      minmay_octagon_keep, layout_cave_pools, vehumet_statue,
          evilmike_ruin_ashenzari, ebering_ghost_rock_garden, uniq_harold
D:10:     layout_grid_maze, orc_0_dummy
D:11:     layout_roguey, basic_altar, enter_bailey_3
D:12:     layout_basic, hangedman_ranch [blue_anna_fruit_fields],
          lemuel_flame_loot_1
D:13:     layout_cave_pools, ximxim_vaults_locker_room, minmay_nine_imps,
          uniq_rupert
D:14:     layout_grid_maze, chequers_serial_rivers_micro_d, minivault_16,
          uniq_josephine, uniq_frances
D:15:     grunt_enter_depths_hoard, layout_rooms
Lair:1:   layout_roguey, st_stairs_9
Lair:2:   layout_hall_layers
Lair:3:   layout_hall_layers, palyth_hydra_swamp_entry,
          minmay_snake_entry_guardpost_small, ebering_ghost_disaster_area,
          uniq_sonja
Lair:4:   wander_river, layout_misc_corridors, lightli_volcano_entry_magma_tube
Lair:5:   layout_gridlike, uniq_kirke
Lair:6:   due_jungle_book, layout_regular_city, minmay_slime_entry_jelly_boxes,
          chequers_serial_rivers_small_a, grunt_forest_large_clearings,
          lemuel_fruit_fields, uniq_nessos
Snake:1:  layout_gridlike, portal_ice_cave_entry_pillars_three,
          grunt_megastairs_4
IceCv:    ice_cave_caverns_01

Skill      XL: |  1  2  3  4  5  6  7  8  9 10 11 12 13 14 15 |
---------------+----------------------------------------------+-----
Axes           | 5 6 7 8 10 11 13 14 16 18 19 20 21 | 21.7
Armour         | 1 2 3 4 6 7 8 9 11 12 14 15 | 15.0
Fighting       | 5 7 8 10 11 12 | 12.4
Dodging        | 3 5 6 7 |  7.7
Invocations    | 2 5 8 10 | 10.0
Evocations     | 3 7 9 |  9.5
Stealth        | |  1.5

Action                   |  1- 3 |  4- 6 |  7- 9 | 10-12 | 13-15 || total
-------------------------+-------+-------+-------+-------+-------++-------
Melee: Hand axe          |   116 |   231 |   323 |   424 |    31 ||  1125
       Unarmed           |       |       |       |     5 |       ||     5
       Battleaxe         |       |       |       |    27 |   729 ||   756
       Whip              |       |       |       |    10 |    18 ||    28
Invok: Convert to Beogh  |       |       |     1 |       |       ||     1
       Recall Orcish Fol |       |       |       |     2 |     3 ||     5
       Give Item to Name |       |       |       |     2 |     3 ||     5
       Smiting           |       |       |       |       |     2 ||     2
Evoke: Wand              |       |       |     4 |     1 |       ||     5
  Use: Scroll            |       |     8 |     1 |    14 |    12 ||    35
       Potion            |       |       |     4 |       |     2 ||     6
 Stab: Sleeping          |     6 |       |       |       |       ||     6
       Confused          |       |       |       |     4 |       ||     4
       Distracted        |       |       |       |     7 |     9 ||    16
       Paralysed         |       |       |       |     3 |       ||     3
  Eat: Chunk             |     2 |     8 |    12 |    19 |    23 ||    64
       Ration            |       |     1 |       |     2 |     4 ||     7
Armor: Robe              |    16 |       |       |       |       ||    16
       Scale mail        |    20 |    36 |       |       |       ||    56
       Chain mail        |       |    83 |   136 |   200 |   440 ||   859
       Skin              |       |       |       |     2 |       ||     2
Dodge: Dodged            |    98 |   100 |   138 |   325 |   421 ||  1082
